BR (22 & UNDER)
WASHINGTON DC HOT SAUCE @ LOGAN SWANS
09/12/2029
 
TOP OF THE 1ST
Washington DC Hot Sauce batting - Pitching for Logan Swans : RHP Armando Gutiérrez
Pitching: RHP Armando Gutiérrez
Batting: RHB Daniel Pineda 0-0: Ground out 4-3 (Groundball, 4)
Batting: RHB Tim Church 0-0: Foul Ball, location: 2F
0-1: Ball
1-1: Ball
2-1: Ball
3-1: Base on Balls
Batting: RHB Kenny Miller 0-0: Ball
Tim Church steals 2nd base
1-0: Ball
2-0: Called Strike
2-1: Ball
3-1: DOUBLE (Line Drive, 78D)
Tim Church scores
Batting: RHB Nelson Wright 0-0: Called Strike
0-1: Ball
1-1: Called Strike
1-2: Ground out 6-3 (Groundball, 6)
Batting: RHB José Isla 0-0: Foul Ball, location: 2F
0-1: Called Strike
0-2: Foul Ball, location: 2F
0-2: Strikes out swinging
Top of the 1st over - 1 run, 1 hit, 0 errors, 1 left on base; Washington DC 1 - Logan 0
BOTTOM OF THE 1ST
Logan Swans batting - Pitching for Washington DC Hot Sauce : RHP Joel Ortega
Pitching: RHP Joel Ortega
Batting: RHB Ricardo Manegdeg 0-0: Swinging Strike
0-1: Swinging Strike
0-2: Foul Ball, location: 2F
0-2: Strikes out swinging
Batting: RHB Francisco Durango 0-0: Ground out 6-3 (Groundball, 6M)
Batting: SHB Torajiro Ito 0-0: Called Strike
0-1: Fly out, F8 (Flyball, 8RM)
Bottom of the 1st over - 0 runs, 0 hits, 0 errors, 0 left on base; Washington DC 1 - Logan 0
TOP OF THE 2ND
Washington DC Hot Sauce batting - Pitching for Logan Swans : RHP Armando Gutiérrez
Batting: RHB Jesús García 0-0: Called Strike
0-1: Ball
1-1: Foul Ball, location: 2F
1-2: Fly out, F8 (Flyball, 8RXD)
Batting: RHB Eric Schroeder 0-0: Called Strike
0-1: Ball
1-1: Foul Ball, location: 2F
1-2: Fly out, F8 (Flyball, 8LD)
Batting: SHB Jared Calhoun 0-0: Foul Ball, location: 2F
0-1: Swinging Strike
0-2: Ball
1-2: Strikes out swinging
Top of the 2nd over - 0 runs, 0 hits, 0 errors, 0 left on base; Washington DC 1 - Logan 0
BOTTOM OF THE 2ND
Logan Swans batting - Pitching for Washington DC Hot Sauce : RHP Joel Ortega
Batting: RHB Bill Becker 0-0: Ball
1-0: Ground out 5-3 (Groundball, 56S)
Batting: RHB Luis Martínez 0-0: Ground out 4-3 (Groundball, 4M)
Batting: SHB Francisco García 0-0: Called Strike
0-1: Foul Ball, location: 2F
0-2: SINGLE (Line Drive, 5D)
Batting: RHB Víctor Cuevas 0-0: Ball
Francisco García steals 2nd base
1-0: Foul Ball, location: 2F
1-1: Ground out 4-3 (Groundball, 4S)
Bottom of the 2nd over - 0 runs, 1 hit, 0 errors, 1 left on base; Washington DC 1 - Logan 0
TOP OF THE 3RD
Washington DC Hot Sauce batting - Pitching for Logan Swans : RHP Armando Gutiérrez
Batting: RHB Eric Adams 0-0: Ball
1-0: Swinging Strike
1-1: Called Strike
1-2: Strikes out swinging
Batting: RHB Daniel Pineda 0-0: SINGLE (Groundball, 56D)
Batting: RHB Tim Church 0-0: Ball
1-0: Called Strike
1-1: Foul Ball, location: 2F
1-2: Strikes out looking
Batting: RHB Kenny Miller 0-0: Called Strike
0-1: Ball
1-1: Ball
2-1: Ball
Daniel Pineda steals 2nd base
3-1: SINGLE (Line Drive, 9S)
Daniel Pineda to third
Runner from 3rd tries for Home, SAFE, no throw
Batting: RHB Nelson Wright 0-0: Swinging Strike
0-1: Ball
1-1: Ball
2-1: Foul Ball, location: 2F
2-2: Ball
3-2: Ground out 4-3 (Groundball, 4S)
Top of the 3rd over - 1 run, 2 hits, 0 errors, 1 left on base; Washington DC 2 - Logan 0
BOTTOM OF THE 3RD
Logan Swans batting - Pitching for Washington DC Hot Sauce : RHP Joel Ortega
Batting: RHB Jesús Farías 0-0: Bunt for hit - play at first, batter safe!
Batting: RHB Sergio Mora 0-0: Grounds into double play, 6-4-3 (Groundball, 6)
Batting: RHB Ricardo Manegdeg 0-0: Ball
1-0: Swinging Strike
1-1: Ball
2-1: Called Strike
2-2: Foul Ball, location: 2F
2-2: Ball
3-2: Strikes out swinging
Bottom of the 3rd over - 0 runs, 1 hit, 0 errors, 0 left on base; Washington DC 2 - Logan 0
TOP OF THE 4TH
Washington DC Hot Sauce batting - Pitching for Logan Swans : RHP Armando Gutiérrez
Batting: RHB José Isla 0-0: Ball
1-0: Ground out 6-3 (Groundball, 6)
Batting: RHB Jesús García 0-0: Ball
1-0: Foul Ball, location: 2F
1-1: Ball
2-1: Swinging Strike
2-2: Ball
3-2: Fly out, F8 (Flyball, 8LD)
Batting: RHB Eric Schroeder 0-0: Ball
1-0: Ball
2-0: Called Strike
2-1: Foul Ball, location: 2F
2-2: Fly out, F3 (Popup, 3F)
Top of the 4th over - 0 runs, 0 hits, 0 errors, 0 left on base; Washington DC 2 - Logan 0
BOTTOM OF THE 4TH
Logan Swans batting - Pitching for Washington DC Hot Sauce : RHP Joel Ortega
Batting: RHB Francisco Durango 0-0: Called Strike
0-1: Foul Ball, location: 2F
0-2: Strikes out looking
Batting: SHB Torajiro Ito 0-0: Called Strike
0-1: Ground out U3 (Groundball, 3)
Batting: RHB Bill Becker 0-0: Ball
1-0: Foul Ball, location: 2F
1-1: Fly out, F9 (Flyball, 9)
Bottom of the 4th over - 0 runs, 0 hits, 0 errors, 0 left on base; Washington DC 2 - Logan 0
TOP OF THE 5TH
Washington DC Hot Sauce batting - Pitching for Logan Swans : RHP Armando Gutiérrez
Batting: SHB Jared Calhoun 0-0: SINGLE (Line Drive, 6MD)
Batting: RHB Eric Adams 0-0: Ball
1-0: Ground out 6-3 (Groundball, 6MD)
Jared Calhoun to second
Batting: RHB Daniel Pineda 0-0: TRIPLE (Flyball, 7D)
Jared Calhoun scores
Batting: RHB Tim Church 0-0: Called Strike
0-1: Foul Ball, location: 2F
0-2: Ball
1-2: Foul Ball, location: 2F
1-2: Ball
2-2: Foul Ball, location: 2F
2-2: Ball
3-2: Ground out 4-3 (Groundball, 34)
Batting: RHB Kenny Miller 0-0: Called Strike
0-1: Foul Ball, location: 2F
0-2: Ball
1-2: Foul Ball, location: 2F
1-2: Ball
2-2: Foul Ball, location: 2F
2-2: Foul Ball, location: 2F
2-2: SINGLE (Groundball, 34D)
Daniel Pineda scores
Batting: RHB Nelson Wright 0-0: Ball
1-0: Fly out, F4 (Popup, 34)
Top of the 5th over - 2 runs, 3 hits, 0 errors, 1 left on base; Washington DC 4 - Logan 0
BOTTOM OF THE 5TH
Logan Swans batting - Pitching for Washington DC Hot Sauce : RHP Joel Ortega
Batting: RHB Luis Martínez 0-0: Called Strike
0-1: Called Strike
0-2: Ball
1-2: Foul Ball, location: 2F
1-2: Strikes out swinging
Batting: SHB Francisco García 0-0: Ball
1-0: Ground out 5-3 (Groundball, 56S)
Batting: RHB Víctor Cuevas 0-0: Called Strike
0-1: Swinging Strike
0-2: Ball
1-2: Foul Ball, location: 2F
1-2: Ball
2-2: Ball
3-2: Ground out U3 (Groundball, 3)
Bottom of the 5th over - 0 runs, 0 hits, 0 errors, 0 left on base; Washington DC 4 - Logan 0
TOP OF THE 6TH
Washington DC Hot Sauce batting - Pitching for Logan Swans : RHP Armando Gutiérrez
Batting: RHB José Isla 0-0: Ball
1-0: SINGLE (Line Drive, 7S)
Batting: RHB Jesús García 0-0: SINGLE (Groundball, 4MD)
José Isla to second
Batting: RHB Eric Schroeder 0-0: Swinging Strike
0-1: Fly out, F4 (Flyball, 4MD)
Batting: SHB Jared Calhoun 0-0: Foul Ball, location: 2F
0-1: Ball
1-1: Foul Ball, location: 2F
1-2: Ball
2-2: 3-RUN HOME RUN (Line Drive, 89XD), Distance : 424 ft
Batting: RHB Eric Adams 0-0: Called Strike
0-1: Ball
1-1: Fly out, F5 (Popup, 25)
Batting: RHB Daniel Pineda 0-0: Ball
1-0: Ground out 5-3 (Groundball, 56)
Top of the 6th over - 3 runs, 3 hits, 0 errors, 0 left on base; Washington DC 7 - Logan 0
BOTTOM OF THE 6TH
Logan Swans batting - Pitching for Washington DC Hot Sauce : RHP Joel Ortega
Batting: RHB Jesús Farías 0-0: Ball
1-0: Swinging Strike
1-1: Foul Ball, location: 2F
1-2: Foul Ball, location: 2F
1-2: Strikes out looking
Batting: RHB Sergio Mora 0-0: Foul Ball, location: 2F
0-1: Ball
1-1: Ground out 4-3 (Groundball, 4S)
Batting: RHB Ricardo Manegdeg 0-0: Foul Ball, location: 2F
0-1: Ball
1-1: Ground out 5-3 (Groundball, 56S)
Bottom of the 6th over - 0 runs, 0 hits, 0 errors, 0 left on base; Washington DC 7 - Logan 0
TOP OF THE 7TH
Washington DC Hot Sauce batting - Pitching for Logan Swans : RHP Armando Gutiérrez
Batting: RHB Tim Church 0-0: Ball
1-0: Called Strike
1-1: Ball
2-1: Ball
3-1: Foul Ball, location: 2F
3-2: Foul Ball, location: 2F
3-2: Foul Ball, location: 2F
3-2: Single, Error in OF, E7, batter to second base
Batting: RHB Kenny Miller 0-0: Foul Ball, location: 2F
0-1: Ball
1-1: Called Strike
1-2: Foul Ball, location: 2F
1-2: Strikes out looking
Pitching: RHP Gerardo Durango
Batting: RHB Nelson Wright 0-0: Ball
1-0: Ball
2-0: Swinging Strike
2-1: SINGLE (Line Drive, 78S)
Tim Church to third
Batting: RHB José Isla 0-0: Called Strike
0-1: Ball
1-1: Ball
2-1: Ball
3-1: Foul Ball, location: 2F
3-2: Foul Ball, location: 2F
3-2: Base on Balls
Nelson Wright to second
Batting: RHB Jesús García 0-0: Called Strike
0-1: Swinging Strike
0-2: Foul Ball, location: 2F
0-2: Foul Ball, location: 2F
0-2: Strikes out swinging
Batting: RHB Eric Schroeder 0-0: Foul Ball, location: 2F
0-1: Ball
1-1: Ball
2-1: Ball
3-1: Foul Ball, location: 2F
3-2: Foul Ball, location: 2F
3-2: Base on Balls
Tim Church scores
Nelson Wright to third
José Isla to second
Batting: SHB Jared Calhoun 0-0: Ball
1-0: Foul Ball, location: 2F
1-1: Foul Ball, location: 2F
1-2: Strikes out looking
Top of the 7th over - 1 run, 2 hits, 1 error, 3 left on base; Washington DC 8 - Logan 0
BOTTOM OF THE 7TH
Logan Swans batting - Pitching for Washington DC Hot Sauce : RHP Joel Ortega
Batting: RHB Francisco Durango 0-0: Ground out 6-3 (Groundball, 6)
Batting: SHB Torajiro Ito 0-0: Ground out 4-3 (Groundball, 34D)
Batting: RHB Bill Becker 0-0: Ball
1-0: Fly out, F6 (Popup, 6)
Bottom of the 7th over - 0 runs, 0 hits, 0 errors, 0 left on base; Washington DC 8 - Logan 0
TOP OF THE 8TH
Washington DC Hot Sauce batting - Pitching for Logan Swans : RHP Gerardo Durango
Batting: RHB Eric Adams 0-0: Called Strike
0-1: Swinging Strike
0-2: Strikes out swinging
Batting: RHB Daniel Pineda 0-0: Called Strike
0-1: Ball
1-1: Swinging Strike
1-2: Ball
2-2: Foul Ball, location: 2F
2-2: Foul Ball, location: 2F
2-2: Ball
3-2: Strikes out looking
Batting: RHB Tim Church 0-0: Ball
1-0: Called Strike
1-1: Foul Ball, location: 2F
1-2: Strikes out swinging
Top of the 8th over - 0 runs, 0 hits, 0 errors, 0 left on base; Washington DC 8 - Logan 0
BOTTOM OF THE 8TH
Logan Swans batting - Pitching for Washington DC Hot Sauce : RHP Joel Ortega
Batting: RHB Luis Martínez 0-0: Ball
1-0: Fly out, F8 (Line Drive, 8LD)
Batting: SHB Francisco García 0-0: Ball
1-0: Foul Ball, location: 2F
1-1: Ground out 4-3 (Groundball, 4)
Batting: RHB Víctor Cuevas 0-0: Ball
1-0: DOUBLE (Line Drive, 8RXD)
Batting: RHB Jesús Farías 0-0: Swinging Strike
0-1: Called Strike
0-2: Ball
1-2: Strikes out swinging
Bottom of the 8th over - 0 runs, 1 hit, 0 errors, 1 left on base; Washington DC 8 - Logan 0
TOP OF THE 9TH
Washington DC Hot Sauce batting - Pitching for Logan Swans : RHP Gerardo Durango
Batting: RHB Kenny Miller 0-0: Ball
1-0: Fly out, F9 (Flyball, 89S)
Batting: RHB Nelson Wright 0-0: Called Strike
0-1: Ground out 4-3 (Groundball, 4)
Batting: RHB José Isla 0-0: Ground out 4-3 (Groundball, 4)
Top of the 9th over - 0 runs, 0 hits, 0 errors, 0 left on base; Washington DC 8 - Logan 0
BOTTOM OF THE 9TH
Logan Swans batting - Pitching for Washington DC Hot Sauce : RHP Joel Ortega
Now at 1B: Larry O'Sheill
Now in LF: Myron Reynolds
Batting: RHB Sergio Mora 0-0: Foul Ball, location: 2F
0-1: Swinging Strike
0-2: Ground out 6-3 (Groundball, 6S)
Batting: RHB Ricardo Manegdeg 0-0: Called Strike
0-1: Foul Ball, location: 2F
0-2: Ball
1-2: Ball
2-2: Strikes out swinging
Batting: RHB Francisco Durango 0-0: Ground out 5-3 (Groundball, 56)
Bottom of the 9th over - 0 runs, 0 hits, 0 errors, 0 left on base; Washington DC 8 - Logan 0
Saturday, December 16th, 2017 - OOTP Baseball 18.8 Build 76